 Dungeon Crawl Stone Soup version 0.31.0-1-g2c135a0 (webtiles) character file.

Game seed: 5924280725868398773

29067 Bennee the Eclecticist (level 13, -9/60 HPs)
             Began as a Spriggan Alchemist on Apr 13, 2024.
             Was a High Priest of Vehumet.
             Mangled by a wolf spider simulacrum (28 damage)
             ... on level 1 of the Lair of Beasts on Apr 14, 2024.
             The game lasted 06:14:16 (19031 turns).

Bennee the Eclecticist (Spriggan Alchemist)        Turns: 19031, Time: 06:14:17

Health: -9/60      AC:  7    Str: 10    XL:     13   Next: 13%
Magic:  31/34      EV: 17    Int: 21    God:    Vehumet [*****.]
Gold:   689        SH:  0    Dex: 16    Spells: 1/45 levels left

rFire   + . .        W - staff of fire
rCold   . . .        (shield currently unavailable)
rNeg    . . .        N - +0 acid dragon scales
rPois   .            (helmet restricted)
rElec   .            H - +0 cloak
rCorr   +            (gloves unavailable)
SInv    +            (boots unavailable)
Will    ++...        o - amulet of magic regeneration
Stlth   ++           M - +6 ring of strength
HPRegen 0.30/turn    (no ring)
MPRegen 0.64/turn

%: no passive effects
@: very quick
A: very small, no large weapons, unfitting armour, see invisible, speed 3
a: Renounce Religion


You were on level 1 of the Lair of Beasts.
You worshipped Vehumet.
Vehumet was extremely pleased with you.
You visited 3 branches of the dungeon, and saw 13 of its levels.
You also visited: Sewer and Bailey.

You collected 689 gold pieces.

Inventory:

Hand Weapons
 g - a +4 war axe of electrocution
 V - a +4 scimitar of flaming
Missiles
 e - 149 stones
 s - 3 curare-tipped darts
 t - 40 poisoned darts
Armour
 a - a +0 robe
 c - an orb of guile
 H - a +0 cloak (worn)
 N - +0 acid dragon scales (worn)
 S - a +0 troll leather armour
 U - +0 steam dragon scales
Magical Staves
 j - a staff of earth
 W - a staff of fire (weapon)
Jewellery
 o - an amulet of magic regeneration (around neck)
 M - a +6 ring of strength (left hand)
 P - an amulet of guardian spirit
Talismans
 R - a blade talisman
Wands
 d - a wand of mindburst (10)
 f - a wand of light (1)
 B - a wand of paralysis (17)
 D - a wand of digging (9)
 G - a wand of iceblast (9)
 I - a wand of flame (45)
Scrolls
 h - 3 scrolls of noise
 i - 2 scrolls of revelation
 k - 4 scrolls of teleportation
 l - a scroll of enchant weapon {unknown}
 n - a scroll of fog {unknown}
 r - 2 scrolls of enchant armour {unknown}
 v - 2 scrolls of poison
 w - a scroll of amnesia {unknown}
 x - a scroll of identify
 y - 2 scrolls of fear {unknown}
 A - 2 scrolls of butterflies {unknown}
 E - 2 scrolls of blinking
 F - a scroll of brand weapon {unknown}
 K - a scroll of vulnerability {unknown}
Potions
 b - 3 potions of magic
 m - a potion of attraction
 p - 5 potions of invisibility
 q - a potion of haste
 u - 2 potions of cancellation
 z - 3 potions of lignification
 C - 2 potions of brilliance
 J - 2 potions of resistance
 L - 3 potions of curing
 Q - 2 potions of might
 T - 2 potions of heal wounds {unknown}
 Y - 9 potions of degeneration


   Skills:
 - Level 3.0 Fighting
 - Level 4.0 Dodging
 - Level 4.0 Stealth
 + Level 16.7 Spellcasting
 - Level 7.0 Conjurations
 - Level 3.0 Hexes
 - Level 13.0 Translocations
 + Level 4.0 Fire Magic
 - Level 3.0 Air Magic
 - Level 4.0 Earth Magic
 - Level 9.0 Alchemy


You had one spell level left.
You knew the following spells:

 Your Spells              Type           Power      Damage    Failure   Level
a - Sting                 Conj/Alch      100%       1d9       1%          1
b - Mephitic Cloud        Conj/Alch/Air  44%        N/A       1%          3
c - Foxfire               Conj/Fire      100%       2x1d9     1%          1
d - Blink                 Tloc           100%       N/A       1%          2
e - Olgreb's Toxic Radia  Alch           53%        N/A       1%          4
f - Sandblast             Erth           68%        2d15      1%          1
g - Dazzling Flash        Conj/Hex       76%        N/A       1%          3
h - Iskenderun's Mystic   Conj/Tloc      56%        2d12      1%          4
i - Tukima's Dance        Hex            30%        N/A       4%          3
j - Inner Flame           Hex/Fire       48%        N/A       1%          3
k - Starburst             Conj/Fire      28%        6d9       21%         6
l - Ignite Poison         Fire/Alch      61%        N/A       1%          4
m - Brom's Barrelling Bo  Conj/Erth      40%        2d6       1%          4
n - Fireball              Conj/Fire      28%        3d12      4%          5

Your spell library contained the following spells:

 Spells                   Type           Power      Damage    Failure   Level
 Lesser Beckoning         Tloc           100%       N/A       1%          2
 Mercury Vapours          Alch/Air       84%        N/A       1%          2
 Momentum Strike          Conj/Tloc      100%       3d10      1%          2
 Stone Arrow              Conj/Erth      80%        3d12      1%          3
 Volatile Blastmotes      Fire/Tloc      100%       2d18      1%          3
 Dimensional Bullseye     Hex/Tloc       25%        N/A       1%          4
 Sticky Flame             Fire/Alch      61%        2d10      1%          4
 Passwall                 Erth           34%        N/A       3%          3
 Call Imp                 Summ           34%        N/A       8%          2
 Sublimation of Blood     Necr           17%        N/A       8%          2
 Summon Ice Beast         Ice/Summ       17%        N/A       16%         3
 Plasma Beam              Fire/Air       24%        2x1d36    41%         6
 Summon Mana Viper        Hex/Summ       23%        N/A       61%         5
 Monstrous Menagerie      Summ           8%         N/A       100%        7
 Summon Hydra             Summ           8%         N/A       100%        7
 Maxwell's Capacitive Co  Air            15%        ∞         100%        8


Dungeon Overview and Level Annotations

Branches:
Dungeon (11/15)            Temple (1/1) D:6            Lair (1/5) D:11
    Orc (0/2) D:11          Sewer (visited)          Bailey (visited)

Altars:
Ashenzari
Cheibriados
Dithmenos
Elyvilon
Fedhas
Gozag
Hepliaklqana
Kikubaaqudgha
Makhleb
Nemelex Xobeh
Okawaru
Qazlal
Ru
Sif Muna
Trog
Uskayaw
Vehumet
Wu Jian
Xom
Yredelemnul
Zin
The Shining One

Shops:
D:7 [   D:11 [

Annotations:
D:5 1 runed translucent door
D:7 exclusion: downstairs
D:8 exclusion: downstairs
D:9 exclusion: downstairs
Lair:1 1 transporter


Innate Abilities, Weirdness & Mutations

You are very small and have problems with some larger weapons.
You are too small for most types of armour.
You have supernaturally acute eyesight. (SInv)
You cover ground extremely quickly. (Speed+++)


Message History

F - a scroll labelled VOCAOF OBOIGG You see here a yak skeleton.
You see here a yak skeleton.
You see here a +0 flail.
Partly explored, unvisited transporter.
There is a transporter here.
You enter the transporter and appear at another place.
J - 2 potions of resistance (gained 1)
Casting: Sting (safe; 1% risk of failure)
Confirm with . or Enter, or press ? or * to list all spells.
You feel a surge of power!
You conjure some foxfire!
Casting: Foxfire (safe; 1% risk of failure)
Confirm with . or Enter, or press ? or * to list all spells.
You feel a surge of power!
You conjure some foxfire!
Your foxfire is engulfed in freezing vapours. x2
You open the gate.
Your foxfire is engulfed in freezing vapours. x3
The foxfire hits the wolf spider simulacrum!
The wolf spider simulacrum melts!
The wolf spider simulacrum is moderately damaged.
You hear a sizzling sound!
The foxfire hits the wolf spider simulacrum!
The wolf spider simulacrum melts!
The wolf spider simulacrum is severely damaged.
The foxfire hits the anaconda simulacrum.
The anaconda simulacrum melts!
The anaconda simulacrum is moderately damaged.
Your foxfire dissipates!
Casting: Foxfire (safe; 1% risk of failure)
Confirm with . or Enter, or press ? or * to list all spells.
Aiming: Inner Flame (safe; 1% risk of failure)
Press: ? - help, Dir - move target, f - anaconda simulacrum
Aim: an anaconda simulacrum (moderately damaged, chance to affect: 94%)
You feel a surge of power!
The anaconda simulacrum is filled with an inner flame.
The wolf spider simulacrum hits you!
The wolf spider simulacrum freezes you!!
The wolf spider simulacrum bites you!
The wolf spider simulacrum freezes you!!
You die...

#..........# ##... ##.......###
#.... #.#..####### ##.>.
####.#.☼..○######## #...
##.#°○.°○#○°.○☼°### #...
#..#☼☼°☼☼#○○°○☼.#P## #...
##..#?Z○..Z.#.#○○#..## ##...
##..©#©)☼☼○Z.§§©○○#©..# #....
####....#$Z°○ZZ@#.#..#...# ##...
#.......#☼☼○○☼#°°○°○○#...# #...
##.......#○Z○☼.#°☼○○☼○###.####...
.........#○○○..########..........
.........#######.................
.......................÷..>......
......†..........................
.................................
######...##############.######...


You could see an anaconda simulacrum (inner flame), 2 yak simulacra, a dire
elephant simulacrum, a blink frog simulacrum, a wolf spider simulacrum and a
skyshark simulacrum.

Vanquished Creatures
  A stone giant (D:10)
  2 boulder beetles (D:10)
  3 hydras
  3 two-headed ogres (D:10)
  A centaur warrior (D:9)
  A deep elf knight (D:10)
  A skeletal warrior (D:10)
  An arcanist (D:9)
  The ghost of frustrationSimulator the Trooper, a novice SpHu of Gozag (D:8)
  2 ugly things (D:9)
  The ghost of Punchie the Cleaver, a novice HOFi of Beogh (D:5)
  A torpor snail (Lair:1)
  A gargoyle (D:10)
  An unseen horror (D:11)
  3 komodo dragons
  A kobold demonologist (D:10)
  An efreet (D:10)
  A rime drake (Lair:1)
  10 trolls
  Prince Ribbit (D:8)
  3 hornets
  3 shadows
  A vampire (D:10)
  3 wyverns
  37 yaks
  2 wraiths (D:10)
  A steam dragon (D:10)
  A vampire mosquito (D:9)
  4 acid dragons (D:10)
  4 water moccasins
  19 orc warriors
  Duvessa (D:6)
  3 ice beasts
  3 black bears
  A swamp drake (D:11)
  A laughing skull (D:10)
  4 wolves (Lair:1)
  3 ogres
  3 centaurs
  2 phantoms
  6 kobold brigands
  Blork the orc (D:4)
  10 bullfrogs
  3 scorpions
  7 wights
  Dowan (D:6)
  2 killer bees
  3 howler monkeys (D:10)
  2 vampire bats (D:9)
  2 bombardier beetles
  A jelly (D:4)
  6 orc priests
  5 hounds
  A sleepcap (D:6)
  3 iguanas
  11 orc wizards
  9 adders
  3 river rats
  A shadow imp (D:5)
  A white imp (D:6)
  3 dart slugs
  4 ribbon worms
  57 orcs
  3 bat skeletons (D:9)
  3 bat zombies (D:9)
  5 endoplasms
  6 giant cockroaches
  9 goblins
  7 hobgoblins
  7 jackals
  3 quokkas
  6 ball pythons
  6 bats
  6 frilled lizards
  22 kobolds
  12 rats
  A boulder (Lair:1)
374 creatures vanquished.

Vanquished Creatures (collateral kills)
  A centaur (D:9)
  2 foxfires (Sewer)
3 creatures vanquished.

Vanquished Creatures (others)
  A boulder (Lair:1)
  537 foxfires
538 creatures vanquished.

Grand Total: 915 creatures vanquished

Notes
Turn   | Place    | Note
-------+----------+-------------------------------------------
     0 | D:1      | Bennee the Spriggan Alchemist began the quest for the Orb.
     0 | D:1      | Reached XP level 1. HP: 9/9 MP: 5/5
   126 | D:1      | Reached skill level 3 in Spellcasting
   285 | D:1      | Reached XP level 2. HP: 13/13 MP: 2/7
   672 | D:1      | Reached skill level 4 in Spellcasting
  1130 | D:2      | Reached skill level 1 in Conjurations
  1250 | D:2      | Reached XP level 3. HP: 16/16 MP: 5/9
  1291 | D:2      | Learned a level 3 spell: Mephitic Cloud
  1537 | D:2      | Learned a level 1 spell: Foxfire
  1678 | D:2      | Reached XP level 4. HP: 21/21 MP: 8/11
  1879 | D:2      | Reached skill level 1 in Fire Magic
  2559 | D:3      | Reached skill level 5 in Spellcasting
  2627 | D:3      | Found a glowing drain.
  2635 | Sewer    | Entered a sewer
  2661 | Sewer    | Reached XP level 5. HP: 24/24 MP: 13/13
  2810 | Sewer    | Reached skill level 1 in Air Magic
  2831 | Sewer    | Reached XP level 6. HP: 28/28 MP: 9/14
  3860 | D:4      | Noticed Blork the orc
  3979 | D:4      | Found a glowing silver altar of Zin.
  4008 | D:4      | Found a sparkling altar of Nemelex Xobeh.
  4703 | D:4      | Reached XP level 7. HP: 32/32 MP: 15/15
  4725 | D:4      | Reached skill level 5 in Alchemy
  4899 | D:5      | Entered Level 5 of the Dungeon
  5377 | D:4      | Found a sparkling altar of Nemelex Xobeh.
  5418 | D:4      | Found a glowing silver altar of Zin.
  5433 | D:4      | Killed Blork the orc
  5463 | D:5      | Reached skill level 6 in Spellcasting
  5478 | D:5      | Learned a level 2 spell: Blink
  5577 | D:5      | Reached skill level 1 in Translocations
  5577 | D:5      | Reached skill level 7 in Spellcasting
  5752 | D:5      | You fall into a shaft and drop 3 floors!
  5784 | D:7      | Reached XP level 8. HP: 36/36 MP: 17/19
  6077 | D:7      | Reached skill level 8 in Spellcasting
  6127 | D:7      | Found a flagged portal.
  6139 | Bailey   | Entered a bailey
  6158 | Bailey   | Reached skill level 1 in Fighting
  7016 | D:5      | Reached XP level 9. HP: 42/42 MP: 22/22
  7041 | D:5      | Found a runed translucent door.
  7042 | D:5      | Noticed Punchie's ghost (novice HOFi)
  7072 | D:5      | Reached skill level 9 in Spellcasting
  7077 | D:5      | Learned a level 4 spell: Olgreb's Toxic Radiance
  7164 | D:5      | Found a runed translucent door.
  7422 | D:6      | Noticed Dowan
  7723 | D:6      | Found a staircase to the Ecumenical Temple.
  7737 | Temple   | Entered the Ecumenical Temple
  7746 | Temple   | Became a worshipper of Vehumet
  7956 | D:7      | Found Gopen's Antique Armour Emporium.
  7983 | D:7      | Reached skill level 10 in Spellcasting
  8751 | D:8      | Reached skill level 5 in Conjurations
  9199 | D:8      | Found a transporter.
  9201 | D:8      | Noticed frustrationSimulator's ghost (novice SpHu)
  9202 | D:8      | Identified the +6 dire flail "Talunax" {heavy, Str-5 Dex+4}
  9242 | D:8      | Found an opulent altar of Gozag.
  9253 | D:8      | Noticed Prince Ribbit
  9288 | D:8      | Found a transporter.
  9503 | D:6      | Noticed Duvessa
  9518 | D:6      | Killed Duvessa
  9520 | D:6      | Killed Dowan
  9740 | D:5      | Reached * piety under Vehumet
  9740 | D:5      | Offered knowledge of Sandblast by Vehumet.
  9781 | D:5      | Killed Punchie's ghost
 10053 | D:8      | Reached XP level 10. HP: 46/46 MP: 20/25
 10080 | D:8      | Killed Prince Ribbit
 10389 | D:8      | Learned a level 1 spell: Sandblast
 10678 | D:8      | Reached skill level 1 in Earth Magic
 11094 | D:8      | Killed frustrationSimulator's ghost
 11171 | D:9      | Learned a level 3 spell: Dazzling Flash
 11317 | D:9      | Found a burning altar of Makhleb.
 11440 | D:9      | Reached skill level 11 in Spellcasting
 11457 | D:9      | Reached skill level 1 in Hexes
 11532 | D:9      | Offered knowledge of Freeze by Vehumet.
 11533 | D:9      | Reached skill level 5 in Translocations
 11544 | D:9      | Reached ** piety under Vehumet
 11805 | D:9      | Identified a scroll of acquirement
 11857 | D:9      | Noticed a centaur warrior
 11963 | D:8      | Acquired a book of Weapons
 11970 | D:8      | Learned a level 4 spell: Iskenderun's Mystic Blast
 11974 | D:8      | Learned a level 3 spell: Tukima's Dance
 12185 | D:9      | Killed a centaur warrior
 12248 | D:9      | Noticed a brown ugly thing
 12255 | D:9      | Noticed a red ugly thing
 12261 | D:9      | Noticed an arcanist
 12368 | D:9      | Reached skill level 12 in Spellcasting
 12388 | D:9      | Reached XP level 11. HP: 50/50 MP: 12/28
 12563 | D:9      | Killed a brown ugly thing
 12566 | D:9      | Killed a brown ugly thing
 12774 | D:9      | Found an ancient bone altar of Kikubaaqudgha.
 13143 | D:9      | Offered knowledge of Inner Flame by Vehumet.
 13148 | D:9      | Learned a level 3 spell: Inner Flame
 13562 | D:9      | Found a burning altar of Makhleb.
 13780 | D:9      | Killed an arcanist
 13781 | D:9      | Reached skill level 13 in Spellcasting
 13906 | D:9      | Found an ancient bone altar of Kikubaaqudgha.
 14166 | D:10     | Entered Level 10 of the Dungeon
 14323 | D:10     | Reached *** piety under Vehumet
 14355 | D:10     | Noticed a two-headed ogre
 14377 | D:10     | Killed a two-headed ogre
 14378 | D:10     | Reached skill level 14 in Spellcasting
 15249 | D:9      | Learned a level 6 spell: Starburst
 15305 | D:10     | Reached skill level 15 in Spellcasting
 15640 | D:10     | Offered knowledge of Ignite Poison by Vehumet.
 15648 | D:10     | Learned a level 4 spell: Ignite Poison
 15804 | D:10     | Found a broken altar of Ashenzari.
 15805 | D:10     | Found a sacrificial altar of Ru.
 15829 | D:10     | Found a white marble altar of Elyvilon.
 15888 | D:10     | Noticed a boulder beetle
 15901 | D:10     | Killed a boulder beetle
 15992 | D:10     | Noticed a skeletal warrior
 16023 | D:10     | Killed a skeletal warrior
 16153 | D:10     | Noticed a seven-headed hydra
 16184 | D:10     | Killed a seven-headed hydra
 16185 | D:10     | Reached XP level 12. HP: 56/56 MP: 32/32
 16393 | D:10     | Noticed a boulder beetle
 16394 | D:10     | Noticed an eight-headed hydra
 16397 | D:10     | Killed a boulder beetle
 16399 | D:10     | Killed an eight-headed hydra
 16405 | D:10     | Noticed a two-headed ogre
 16410 | D:10     | Killed a two-headed ogre
 16410 | D:10     | Reached **** piety under Vehumet
 16610 | D:10     | Identified the +2 chain mail "Fakiad" {Stlth+}
 16674 | D:11     | Reached skill level 10 in Translocations
 16800 | D:10     | Offered knowledge of Brom's Barrelling Boulder by Vehumet.
 16806 | D:10     | Learned a level 4 spell: Brom's Barrelling Boulder
 16848 | D:11     | Noticed a two-headed ogre
 16874 | D:10     | Killed a two-headed ogre
 16953 | D:10     | Noticed a stone giant
 16958 | D:10     | Killed a stone giant
 17405 | D:11     | Found a transporter.
 17560 | D:11     | Found a staircase to the Lair.
 17590 | D:11     | Found Fuest's Antique Armour Shoppe.
 17818 | D:11     | Found a staircase to the Orcish Mines.
 18012 | D:11     | Found a transporter.
 18158 | Lair:1   | Entered Level 1 of the Lair of Beasts
 18255 | Lair:1   | Found a transporter.
 18257 | Lair:1   | Found the +8 Wrath of Trog {antimagic, *Rage Rampage}
 18418 | Lair:1   | Reached skill level 16 in Spellcasting
 18427 | Lair:1   | Reached XP level 13. HP: 60/60 MP: 20/34
 18522 | Lair:1   | Found a transporter.
 18601 | Lair:1   | Reached ***** piety under Vehumet
 18636 | Lair:1   | Offered knowledge of Fireball by Vehumet.
 18699 | D:11     | Learned a level 5 spell: Fireball
 19031 | Lair:1   | Mangled by a wolf spider simulacrum

Illustrated notes

Levels and vault maps discovered:
D:1:      lemuel_arrival_river_ford, layout_basic, minmay_tree_intersection
D:2:      layout_basic, amethyst_killhole
D:3:      layout_rooms, lightli_sewer_entry_pipes
D:4:      layout_loops_corners, lemuel_round_altar, zin_statuary,
          kennysheep_generic_room_7, uniq_blork_the_orc
D:5:      layout_rooms, ebering_ghost_sewer_f
D:6:      layout_layer_cave, minmay_temple_entry_sparse_star,
          serial_bayou_crossing, uniq_duvessa
D:7:      layout_loops_ring, enter_bailey_4, serial_shops, shop
D:8:      layout_loops_ring, nicolae_gozag_cash_rules_everything_around_me,
          gammafunk_ghost_smash, nicolae_benzene_ring, uniq_prince_ribbit1
D:9:      minmay_ornate_pinched, layout_basic,
          mainiacjoe_overflow_cross_hatched, kennysheep_vampire_church,
          minmay_puff
D:10:     nzn_winding_woodlands_large [nzn_winding_woodlands_5x5_closed_star,
          nzn_winding_woodlands_5x15_river_crossing,
          nzn_winding_woodlands_5x5_perimeter,
          nzn_winding_woodlands_center_pierced_h,
          nzn_winding_woodlands_15x15_boxy_spiral,
          nzn_winding_woodlands_center_diamonds,
          nzn_winding_woodlands_5x5_default,
          nzn_winding_woodlands_5x15_pathside_ponds,
          nzn_winding_woodlands_5x5_open_star], layout_cross,
          nicolae_overflow_hidden_temple
D:11:     layout_cave_pools, david_lair_shrubbed, erik_orc_1, serial_shops,
          nicolae_shop_drivethru, kennysheep_nondescript, skrybe_limestone_x
Temple:   nicolae_temple_two_arcs
Lair:1:   gammafunk_cloud_chamber, layout_hall_layers

Skill      XL: |  1  2  3  4  5  6  7  8  9 10 11 12 |
---------------+-------------------------------------+-----
Spellcasting   | 3 4 5 7 8 10 12 15 16 | 16.7
Conjurations   | 1 2 3 6 7 |  7.0
Alchemy        | 4 6 7 8 9 |  9.0
Fire Magic     | 1 2 3 4 |  4.0
Dodging        | 3 4 |  4.0
Air Magic      | 2 3 |  3.0
Translocations | 1 4 6 13 | 13.0
Stealth        | 4 |  4.0
Fighting       | 2 3 |  3.0
Earth Magic    | 4 |  4.0
Hexes          | 2 3 |  3.0

Action                     |  1- 3 |  4- 6 |  7- 9 | 10-12 | 13-15 || total
---------------------------+-------+-------+-------+-------+-------++-------
  Melee: Short sword       |     1 |     6 |    56 |       |       ||    63
         Punch             |       |       |     2 |       |       ||     2
  Throw: Stone             |     3 |       |       |       |       ||     3
   Cast: Sting             |    47 |   121 |   175 |    94 |    10 ||   447
         Foxfire           |     1 |    34 |   107 |   208 |    11 ||   361
         Mephitic Cloud    |       |     3 |     7 |    20 |     1 ||    31
         Blink             |       |       |     4 |     9 |       ||    13
         Olgreb's Toxic Ra |       |       |    13 |   129 |     8 ||   150
         Sandblast         |       |       |       |    39 |     1 ||    40
         Tukima's Dance    |       |       |       |    20 |       ||    20
         Iskenderun's Myst |       |       |       |    12 |       ||    12
         Dazzling Flash    |       |       |       |     2 |       ||     2
         Inner Flame       |       |       |       |    54 |     9 ||    63
         Ignite Poison     |       |       |       |    29 |     1 ||    30
         Brom's Barrelling |       |       |       |     1 |     2 ||     3
  Evoke: Wand              |       |       |       |     5 |       ||     5
    Use: Scroll            |       |       |     6 |    11 |       ||    17
         Potion            |       |       |     1 |     1 |       ||     2
   Stab: Sleeping          |       |     2 |       |       |       ||     2
         Confused          |       |       |     2 |       |       ||     2
 Armour: Robe              |     6 |     3 |    33 |    26 |       ||    68
         Acid dragon scale |       |       |       |    17 |     2 ||    19
  Dodge: Dodged            |     4 |    21 |    81 |    69 |       ||   175
